 Dungeon Crawl Stone Soup version 0.30-a0-250-g41c1d76940 (webtiles) character file.

Game seed: 16924101386504562355

14490 chippings the Covert (level 11, -4/86 HPs)
             Began as an Armataur Artificer on Oct 12, 2022.
             Was a Follower of Uskayaw.
             Slain by a death yak (20 damage)
             ... on level 2 of the Lair of Beasts.
             The game lasted 00:46:14 (11350 turns).

chippings the Covert (Armataur Artificer)          Turns: 11350, Time: 00:46:15

Health: -4/86      AC: 17    Str: 16    XL:     11   Next: 89%
Magic:  3/17       EV:  9    Int: 16    God:    Uskayaw [*.....]
Gold:   635        SH:  0    Dex: 12    Spells: 10/10 levels left

rFire   . . .      SeeInvis .    a - +3 dagger (speed)
rCold   . . .      Faith    .    (no shield)
rNeg    . . .      Spirit   .    x - +0 troll leather armour
rPois   .          Reflect  .    E - +0 helmet
rElec   .          Harm     .    (no cloak)
rCorr   .          Roll     +    b - +2 pair of gloves
Will    .....      Clarity  +    (no barding)
Stlth   +++++.....               (no amulet)
HPRegen 1.14/turn                o - +4 ring of protection
MPRegen 0.15/turn                w - +4 ring of protection

@: mighty
A: large, rugged brown scales 3, deformed body, armoured tail, roll, long
tongue, awkward tongue, clarity, clever 1, clumsy 1, wild magic 1, MP-powered
wands
a: Renounce Religion, Stomp


You were on level 2 of the Lair of Beasts.
You worshipped Uskayaw.
Uskayaw was aware of your devotion.
You visited 3 branches of the dungeon, and saw 14 of its levels.

You collected 635 gold pieces.

Inventory:

Hand Weapons
 a - a +3 dagger of speed (weapon)
 D - a +0 long sword of draining
Missiles
 c - 10 javelins
 i - 5 silver javelins
 k - 19 poisoned darts
 q - 5 datura-tipped darts
 t - 5 boomerangs of dispersal
 M - 2 curare-tipped darts
 O - 3 throwing nets (quivered)
Armour
 b - a +2 pair of gloves (worn)
 x - a +0 troll leather armour (worn)
 E - a +0 helmet (worn)
Jewellery
 o - a +4 ring of protection (left hand)
 w - a +4 ring of protection (right hand)
Wands
 d - a wand of charming (10)
 f - a wand of roots (2)
 y - a wand of digging (2)
 I - a wand of polymorph (7)
 J - a wand of acid (5)
Scrolls
 g - 2 scrolls of magic mapping
 m - 2 scrolls of silence
 s - a scroll of fear
 v - 3 scrolls of teleportation
 B - 2 scrolls of blinking
 H - a scroll of summoning
 K - 2 scrolls of identify
 N - a scroll of torment
Potions
 e - 2 potions of resistance {unknown}
 h - 4 potions of attraction
 l - a potion of flight
 n - 2 potions of invisibility
 p - 4 potions of haste
 r - a potion of might
 u - 4 potions of degeneration {unknown}
 z - a potion of magic
 A - 2 potions of brilliance
 C - 3 potions of mutation
 F - 3 potions of curing
 G - a potion of cancellation
 L - a potion of heal wounds
 P - a potion of lignification {unknown}


   Skills:
 + Level 2.7 Fighting
 + Level 9.7 Short Blades
 - Level 0.4 Staves
 - Level 4.0 Throwing
 - Level 2.4 Armour
 - Level 0.6 Dodging
 + Level 12.4 Stealth
 - Level 0.5 Conjurations
 + Level 8.5 Invocations
 - Level 8.0 Evocations


You had 10 spell levels left.
You didn't know any spells.
Your spell library contained the following spells:

 Spells                   Type           Power      Damage    Failure   Level
 Shock                    Conj/Air       4%         1d3       34%         1
 Necrotise                Necr           0%         1d4       38%         1
 Summon Small Mammal      Summ           0%         N/A       38%         1
 Cigotuvi's Dreadful Rot  Necr/Pois/Air  0%         N/A       50%         2
 Ensorcelled Hibernation  Hex/Ice        0%         N/A       50%         2
 Passwall                 Tmut/Erth      0%         N/A       50%         2
 Poisonous Vapours        Pois/Air       0%         N/A       50%         2
 Stone Arrow              Conj/Erth      2%         3d7       71%         3
 Call Canine Familiar     Summ           0%         N/A       73%         3
 Mephitic Cloud           Conj/Pois/Air  0%         N/A       73%         3
 Summon Guardian Golem    Hex/Summ       0%         N/A       73%         3
 Swiftness                Air            0%         N/A       73%         3
 Vampiric Draining        Necr           0%         2d6       73%         3
 Airstrike                Air            0%         2d(0-16)  98%         4
 Summon Ice Beast         Ice/Summ       0%         N/A       98%         4
 Agony                    Necr           0%         N/A       100%        5
 Summon Mana Viper        Hex/Summ       0%         N/A       100%        5
 Malign Gateway           Summ/Tloc      0%         N/A       100%        7


Dungeon Overview and Level Annotations

Branches:
Dungeon (11/15)            Temple (1/1) D:5            Lair (2/5) D:8
  Swamp: Lair:2-3    Shoals: Lair:2-3     Snake: Lair:2-3    Spider: Lair:2-3
    Orc: D:9-12

Altars:
Ashenzari
Cheibriados
Dithmenos
Elyvilon
Fedhas
Gozag
Hepliaklqana
Kikubaaqudgha
Makhleb
Nemelex Xobeh
Okawaru
Qazlal
Ru
Sif Muna
Trog
Uskayaw
Vehumet
Wu Jian
Xom
Yredelemnul
Zin
The Shining One

Shops:
D:2 =   D:9 (([

Annotations:
D:9 2 exclusions


Innate Abilities, Weirdness & Mutations

You are completely covered in rugged brown scales. (AC +3, +7% HP)
Armour fits poorly on your strangely shaped body.
You have a long armoured tail.
You roll when moving toward enemies. (Rampage)
Your long tongue fully drains potion bottles. (2x potion effects)
Your tongue gives you trouble enunciating. (1.5x scroll delay)
You possess an exceptional clarity of mind.
Your mind is acute. (Int +4, Str/Dex -1)
You are clumsy. (Dex -2)
Your spells are a little harder to cast, but a little more powerful.
You expend magic power (3 MP) to strengthen your wands.


Message History

You hit the death yak but do no damage.
The death yak is severely wounded.
The death yak gores you but does no damage.
The death yak gores you!
You hit the death yak.
Your tail-slap misses the death yak.
The death yak is severely wounded.
You hit the death yak but do no damage.
The death yak is severely wounded.
You stomp with the beat, sending a shockwave through the revellers around you!
The death yak is moderately wounded.
The death yak is severely wounded.
The death yak is heavily wounded.
You can no longer pass through a line of other dancers.
The death yak completely misses you.
The death yak gores you but does no damage.
The death yak gores you!
A seven-headed hydra comes into view.
You can now pass through a line of other dancers.
You stomp with the beat, sending a shockwave through the revellers around you!
The death yak is heavily wounded.
The death yak is almost dead.
The death yak is severely wounded.
You can no longer pass through a line of other dancers.
The death yak gores you. x2
The death yak gores you but does no damage.
You can now pass through a line of other dancers.
You stomp with the beat, sending a shockwave through the revellers around you!
The death yak is severely wounded.
The death yak is almost dead.
The death yak is severely wounded.
You can no longer pass through a line of other dancers.
The death yak barely misses you. The death yak gores you.
The death yak gores you!
Okay, then.
You feel very mighty all of a sudden. The death yak gores you!
* * * LOW HITPOINT WARNING * * *
The death yak gores you but does no damage.
The death yak gores you!!
You die...

............#
.............#
.............
....D....... ..
...........# ..
...........## .. ....
............##.. .....
..P............. ......
PP.....@Y....P.. .......
###....YY...............
#......................
#......................
#......................
##......................
#.#.....................
##......................
##......................


You could see 3 death yaks and a seven-headed hydra (wandering).

Vanquished Creatures
  2 hydras (Lair:2)
  Harold (D:10)
  A centaur warrior (D:9)
  A two-headed ogre (D:6)
  A deep elf pyromancer (D:9)
  An ugly thing (D:10)
  A black mamba (Lair:1)
  A cane toad (Lair:1)
  2 unseen horrors (D:10)
  2 komodo dragons
  5 trolls
  A slime creature (D:9)
  9 yaks
  3 wyverns
  2 steam dragons (D:7)
  4 vampire mosquitoes
  An unseen horror simulacrum (D:9)
  An acid dragon (D:7)
  4 water moccasins
  3 orc warriors
  4 black bears
  A sky beast (D:7)
  2 ice beasts (D:8)
  6 wolves (Lair:1)
  2 centaurs
  5 kobold brigands
  2 phantoms
  2 necrophages
  A scorpion (D:5)
  6 wights
  15 killer bees
  3 howler monkeys
  4 hounds
  2 jellies
  A gnoll bouda (D:7)
  6 orc priests
  Natasha (thrice) (D:3)
  3 iguanas
  10 orc wizards
  19 gnolls
  9 adders
  3 white imps
  2 worms
  3 dart slugs (D:1)
  29 orcs
  4 endoplasms
  3 giant cockroaches (D:3)
  10 goblins
  10 hobgoblins
  4 jackals
  26 kobolds
  3 quokkas
  11 ball pythons
  4 bats
  A frilled lizard (D:3)
  10 rats
275 creatures vanquished.

Vanquished Creatures (collateral kills)
  2 wights (D:5)
  An orc (D:5)
3 creatures vanquished.

Vanquished Creatures (others)
  A wight (D:5)
  A fungus (Lair:1)
  14 plants (D:8)
16 creatures vanquished.

Grand Total: 294 creatures vanquished

Notes
Turn   | Place    | Note
-------+----------+-------------------------------------------
     0 | D:1      | chippings the Armataur Artificer began the quest for the
                  | Orb.
     0 | D:1      | Reached XP level 1. HP: 16/16 MP: 1/1
    44 | D:1      | Reached skill level 1 in Fighting
   208 | D:1      | Reached XP level 2. HP: 14/24 MP: 2/2
   351 | D:1      | Reached skill level 2 in Stealth
   665 | D:2      | Reached XP level 3. HP: 20/31 MP: 3/3
   665 | D:2      | Found Kyuraixt's Jewellery Shoppe.
   796 | D:2      | Reached skill level 1 in Short Blades
  1296 | D:2      | Reached XP level 4. HP: 38/38 MP: 4/4
  1683 | D:3      | Reached skill level 3 in Stealth
  1763 | D:3      | Reached XP level 5. HP: 41/43 MP: 5/5
  1930 | D:3      | Noticed Natasha
  1956 | D:3      | Killed Natasha
  2112 | D:3      | Noticed Natasha
  2129 | D:3      | Killed Natasha
  2130 | D:3      | Reached skill level 1 in Throwing
  2278 | D:3      | Noticed Natasha
  2304 | D:3      | Killed Natasha
  2482 | D:3      | Reached skill level 4 in Stealth
  2533 | D:3      | Reached XP level 6. HP: 39/51 MP: 6/6
  2822 | D:4      | Found a shimmering altar of Xom.
  3244 | D:4      | Reached skill level 5 in Stealth
  3244 | D:4      | Reached XP level 7. HP: 13/58 MP: 7/7
  3582 | D:5      | Entered Level 5 of the Dungeon
  3749 | D:5      | Found a sparkling altar of Nemelex Xobeh.
  3822 | D:5      | Gained mutation: You possess an exceptional clarity of
                  | mind. [potion of mutation]
  3822 | D:5      | Gained mutation: Your magical capacity is low. (-10% MP)
                  | [potion of mutation]
  3822 | D:5      | Lost mutation: Your magical capacity is low. (-10% MP)
                  | [potion of mutation]
  3822 | D:5      | Gained mutation: You expend magic power (3 MP) to
                  | strengthen your wands. [potion of mutation]
  3822 | D:5      | Gained mutation: Your mind is acute. (Int +4, Str/Dex -1)
                  | [potion of mutation]
  3822 | D:5      | Gained mutation: You are clumsy. (Dex -2) [potion of
                  | mutation]
  3822 | D:5      | Gained mutation: Your spells are a little harder to cast,
                  | but a little more powerful. [potion of mutation]
  3828 | D:5      | HP: 2/58 [poisoned by a gnoll]
  4253 | D:5      | Reached skill level 6 in Stealth
  4306 | D:5      | Reached XP level 8. HP: 55/65 MP: 8/8
  4413 | D:5      | Reached skill level 5 in Short Blades
  4553 | D:5      | Reached skill level 7 in Stealth
  4569 | D:5      | Found a blossoming altar of Fedhas.
  4628 | D:5      | Found a basalt altar of Yredelemnul.
  4631 | D:5      | Found a stormy altar of Qazlal.
  4665 | D:5      | Found a staircase to the Ecumenical Temple.
  4675 | Temple   | Entered the Ecumenical Temple
  4860 | Temple   | Became a worshipper of Uskayaw the Reveller
  4920 | D:5      | Identified the +0 chain mail of Relativism {Will+}
  4935 | D:5      | Reached * piety under Uskayaw
  5244 | D:6      | Reached ** piety under Uskayaw
  5251 | D:6      | Reached *** piety under Uskayaw
  5281 | D:6      | Reached skill level 1 in Invocations
  5286 | D:6      | Noticed a two-headed ogre
  5293 | D:6      | Killed a two-headed ogre
  5294 | D:6      | Reached skill level 8 in Stealth
  5687 | D:6      | Reached XP level 9. HP: 71/71 MP: 11/11
  5782 | D:6      | Reached **** piety under Uskayaw
  5862 | D:6      | Found an ornate altar of the Wu Jian Council.
  5970 | D:6      | Found a shadowy altar of Dithmenos.
  6089 | D:7      | Reached ***** piety under Uskayaw
  6117 | D:7      | Reached skill level 9 in Stealth
  6593 | D:7      | Noticed a troll
  6598 | D:7      | Killed a troll
  6599 | D:7      | Reached skill level 5 in Invocations
  6967 | D:8      | Reached skill level 5 in Evocations
  7004 | D:8      | Noticed a komodo dragon
  7020 | D:8      | Killed a komodo dragon
  7021 | D:8      | Reached XP level 10. HP: 64/78 MP: 3/14
  7025 | D:8      | Found a staircase to the Lair.
  7330 | D:8      | Got the Compendium of Coarse Assembling
  7361 | D:8      | Found a shimmering blue altar of Sif Muna.
  8068 | D:9      | Noticed a white ugly thing
  8068 | D:9      | Noticed a centaur warrior
  8068 | D:9      | Noticed a deep elf pyromancer
  8068 | D:9      | Noticed a brown ugly thing
  8106 | D:8      | Reached skill level 10 in Stealth
  8278 | D:9      | Identified the +1 ring mail of Good Intentions {Rampage rN+
                  | Str-2}
  8329 | D:9      | Noticed a skeletal warrior
  8331 | D:9      | Noticed a red ugly thing
  8371 | D:9      | Noticed a centaur warrior
  8376 | D:9      | Found Yghusink's Antique Weapon Emporium.
  8478 | D:9      | Found Yfuwoc's Armour Shop.
  8490 | D:9      | Killed a deep elf pyromancer
  8510 | D:9      | Found Othofuss's Weapon Boutique.
  8530 | D:9      | Killed a centaur warrior
  8658 | D:10     | Entered Level 10 of the Dungeon
  8819 | D:10     | Reached skill level 11 in Stealth
  8931 | D:9      | Reached XP level 11. HP: 65/84 MP: 16/16
  9091 | Lair:1   | Entered Level 1 of the Lair of Beasts
  9240 | D:10     | Killed a red ugly thing
  9303 | D:10     | Noticed Harold
  9328 | D:10     | Killed Harold
 10593 | Lair:1   | Reached skill level 12 in Stealth
 11170 | Lair:2   | Noticed a five-headed hydra
 11180 | Lair:2   | Killed a five-headed hydra
 11241 | Lair:2   | Noticed a five-headed hydra
 11251 | Lair:2   | Killed a five-headed hydra
 11326 | Lair:2   | Noticed a death yak
 11327 | Lair:2   | Noticed a death yak
 11328 | Lair:2   | Noticed a death yak
 11347 | Lair:2   | Noticed a seven-headed hydra
 11350 | Lair:2   | Slain by a death yak

Illustrated notes

Levels and vault maps discovered:
D:1:      eino_arrival_cavern_a, layout_rooms, dreamdust_princess_bridge
D:2:      layout_rooms, serial_shops, nicolae_square_shop
D:3:      cheibrodos_thug_alley, layout_loops_ring, corexii_corridor_pit,
          minmay_increasing_density, uniq_natasha
D:4:      layout_basic, lemuel_crystal_altar
D:5:      minmay_diamond_boxcup, layout_basic, nemelex_diamond_rough_becter,
          mainiacjoe_overflow_concentric_impassable,
          nicolae_overflow_hidden_temple, temple_statues, portal_sewer_entry_e
D:6:      layout_loops_ring, nicolae_wu_jian_wuxing_cycle,
          grunt_dithmenos_shadows
D:7:      layout_cave_pools, minmay_microvault
D:8:      layout_loops_corners, lemuel_tele_altar, david_lair_shrubbed
D:9:      layout_stronghold, serial_column_ruins, column_ruins_circle_medium,
          column_ruins_square_small, column_ruins_columns_straight,
          column_ruins_grid_1, column_ruins_columns_dead_end,
          column_ruins_corridor_straight, serial_shops,
          nicolae_shop_advertising_works [nicolae_subvault_shop_adworks],
          nicolae_shop_behind_doors, shop, shop_scrolls,
          minmay_tree_intersection, minivault_28
D:10:     layout_irregular_city, uniq_harold
D:11:     layout_basic, kennysheep_orc_monster_closet_entryway,
          nicolae_hepliaklqana_monster_ancestors
Temple:   dpeg_chambers_temple
Lair:1:   layout_loops_ring, dreamdust_mushroom_princess,
          grunt_forest_stairs_basic, serial_bayou_pond_d, serial_bayou_crossing
Lair:2:   nzn_winding_woodlands_stair_trap [nzn_winding_woodlands_5x15_garden,
          nzn_winding_woodlands_5x15_sidewinder,
          nzn_winding_woodlands_5x15_cabin,
          nzn_winding_woodlands_15x15_boxy_spiral,
          nzn_winding_woodlands_5x15_eye, nzn_winding_woodlands_5x15_jagged,
          nzn_winding_woodlands_5x15_crooked], layout_hall_layers,
          serial_bayou_shore_b, serial_bayou_shore_b

Skill      XL: |  1  2  3  4  5  6  7  8  9 10 11 |
---------------+----------------------------------+-----
Fighting       | 1 2 |  2.7
Stealth        | 2 3 4 5 6 8 9 11 12 | 12.4
Short Blades   | 2 3 4 6 7 8 9 |  9.7
Throwing       | 1 2 3 4 |  4.0
Invocations    | 3 5 7 8 |  8.5
Evocations     | 5 6 8 |  8.0
Staves         | |  0.4
Armour         | |  2.4
Dodging        | |  0.6
Conjurations   | |  0.5

Action                   |  1- 3 |  4- 6 |  7- 9 | 10-12 || total
-------------------------+-------+-------+-------+-------++-------
Melee: Staff             |    57 |       |       |       ||    57
       Tailslap          |    16 |    40 |    54 |    95 ||   205
       Dagger            |   106 |   275 |   298 |   621 ||  1300
       Punch             |     2 |     3 |     5 |     8 ||    18
Throw: Throwing net      |       |       |       |     4 ||     4
Invok: Stomp             |       |       |       |     9 ||     9
       Line Pass         |       |       |       |     2 ||     2
Evoke: Wand              |     1 |     8 |    22 |    20 ||    51
  Use: Scroll            |       |     8 |     7 |       ||    15
       Potion            |       |     2 |     4 |     2 ||     8
 Stab: Sleeping          |     2 |     6 |    16 |    12 ||    36
       Paralysed         |       |     2 |    15 |    21 ||    38
       Distracted        |       |       |     2 |     1 ||     3
       Held in net/web   |       |       |       |     1 ||     1
       Betrayed ally     |       |       |       |     1 ||     1
Armor: Leather armour    |    51 |    71 |    79 |       ||   201
       Troll leather arm |       |       |     7 |   295 ||   302
Dodge: Dodged            |    67 |    61 |    73 |   138 ||   339

Table legend: (Time is in decaauts)
 A = Elapsed time spent in this place.
 B = Non-inter-level travel time spent in this place.
 C = Inter-level travel time spent in this place.
 D = Time resting spent in this place.
 E = Time spent auto-exploring this place.
 F = Levels seen in this place.
 G = Mean time per level.
                   A        B        C        D        E       F      G
               +--------+--------+--------+--------+--------+-----+--------+
         Total |  10697 |  10413 |    284 |    478 |   6119 |  14 |  764.1 |
       Dungeon |   9480 |   9213 |    267 |    478 |   5410 |  11 |  861.8 |
        Temple |    206 |    190 |     16 |      0 |      0 |   1 |  206.0 |
          Lair |   1009 |   1008 |      1 |      0 |    709 |   2 |  504.5 |
               +--------+--------+--------+--------+--------+-----+--------+

Top non-repeatable levels by time:
     D:5: 1376 daAuts
     D:8: 1166 daAuts
    D:10: 1022 daAuts
     D:3: 996 daAuts
  Lair:1: 853 daAuts
     D:4: 851 daAuts
     D:9: 825 daAuts
     D:2: 810 daAuts
     D:6: 797 daAuts
     D:7: 792 daAuts
     D:1: 779 daAuts
  Temple: 206 daAuts
  Lair:2: 156 daAuts
    D:11: 62 daAuts
